 Dungeon Sprint DCSS version 0.23-a0-378-gd7a6ca6 (webtiles) character file.

107 Flooderbenga the Firebug (level 4, -2/24 HPs)
             Began as a Deep Elf Fire Elementalist on Oct 27, 2018.
             Slain by Sigmund
             ... wielding a +0 scythe
              (7 damage)
             ... in the Dungeon (Sprint I: "Red Sonja").
             The game lasted 00:05:46 (332 turns).

Flooderbenga the Firebug (DEFE)                      Turns: 332, Time: 00:05:47

Health: -2/24      AC:  2    Str:  5    XL:     4   Next: 57%
Magic:  2/10       EV: 13    Int: 21    God:
Gold:   54         SH:  0    Dex: 15    Spells: 3/9 levels left

rFire    . . .     SeeInvis .   d - +0 club
rCold    . . .     Gourm    .   (no shield)
rNeg     . . .     Faith    .   a - +0 robe
rPois    .         Spirit   .   (no helmet)
rElec    .         Reflect  .   (no cloak)
rCorr    .         Harm     .   (no gloves)
MR       .....     NoTele   +   (no boots)
Stlth    +.........             (no amulet)
HPRegen  0.08/turn              (no ring)
MPRegen  0.12/turn              (no ring)

@: confused
A: no striking features
a: no special abilities


You were in the Dungeon.
You were not hungry.

You visited 1 branch You collected 54 gold pieces.

Inventory:

Hand Weapons
 d - a +0 club (weapon)
Armour
 a - a +0 robe (worn)
 h - a +1 ring mail of cold resistance
Wands
 b - a wand of random effects (17)
Scrolls
 i - a scroll of blinking {@r4}
Potions
 e - a potion of heal wounds {@q2}
 f - a potion of haste {@q3}
 g - 2 potions of magic
Comestibles
 c - a ration
 j - 2 chunks of flesh


   Skills:
 + Level 0.0 Fighting
 + Level 2.4 Dodging
 + Level 2.4 Stealth
 + Level 3.0 Spellcasting
 + Level 7.1 Conjurations
 + Level 7.8 Fire Magic


You had 3 spell levels left.
You knew the following spells:

 Your Spells              Type           Power        Failure   Level  Hunger
a - Flame Tongue          Conj/Fire      ####.        1%          1    None
b - Throw Flame           Conj/Fire      ####..       1%          2    ##.....
c - Conjure Flame         Conj/Fire      ####....     1%          3    ###....

Your spell library contained the following spells:

 Spells                   Type           Power        Failure   Level  Hunger
 Inner Flame              Hex/Fire       ###.....     8%          3    ###....
 Sticky Flame             Conj/Fire      ####....     6%          4    ####...
 Fireball                 Conj/Fire      ####......   17%         5    ######.


Dungeon Overview and Level Annotations

Branches:
Dungeon (1/1)

Altars:

Annotations:
D Sigmund


Message History

You bump into the rock wall.
You hear some strange, mumbled words.
You are more confused.
You bump into the rock wall.
Something hits you!
You take 10 damage, and have 14/24 hp.
MASSIVE DAMAGE!!
Okay, then.
Unknown command.
You're too confused!
Unknown command.
Unknown command.
You're too confused to cast spells.
Sorry, you're not good enough to have a special ability.
You're too confused to move!
Something hits you.
You take 1 damage, and have 13/24 hp.
You bump into the rock wall.
Something hits you!
* * * LOW HITPOINT WARNING * * *
You take 8 damage, and have 5/24 hp.
MASSIVE DAMAGE!!
Something barely misses you.
You closely miss something. Something hits you!
You die...

########## ##
#<.#..)..#..+
#..'.@#..'..#
#..#####'####
#..# #..#
#..# ####
#..# #⌠⌠#
####


There were no monsters in sight!

Vanquished Creatures
  An ogre (D)
  Ijyb (D)
2 creatures vanquished.

Notes
Turn   | Place    | Note
-------+----------+-------------------------------------------
     0 | D        | Flooderbenga the Deep Elf Fire Elementalist began the quest
                  | for the Orb.
     0 | D        | Reached XP level 1. HP: 10/10 MP: 6/6
     1 | D        | Noticed Ijyb
    10 | D        | Killed Ijyb
    10 | D        | Reached skill level 5 in Fire Magic
    10 | D        | Reached XP level 2. HP: 6/15 MP: 0/8
   215 | D        | Learned a level 2 spell: Throw Flame
   217 | D        | Noticed an ogre
   220 | D        | Killed an ogre
   220 | D        | Reached XP level 3. HP: 14/19 MP: 5/9
   220 | D        | Reached XP level 4. HP: 18/24 MP: 5/10
   300 | D        | Learned a level 3 spell: Conjure Flame
   301 | D        | Noticed Sigmund
   332 | D        | Slain by Sigmund

Vault maps used:
D:        dungeon_sprint_1

Skill      XL: |  1  2 |
---------------+-------+-----
Conjurations   | 4 7 |  7.1
Fire Magic     | 5 7 |  7.8
Dodging        | |  2.4
Stealth        | |  2.4
Spellcasting   | |  3.0

Action                   |  1- 3 |  4- 6 || total
-------------------------+-------+-------++-------
Melee: Unarmed           |     1 |       ||     1
       Club              |       |     1 ||     1
 Cast: Flame Tongue      |     7 |     9 ||    16
       Conjure Flame     |       |     1 ||     1
Evoke: Wand              |       |     5 ||     5
  Use: Potion            |     1 |     1 ||     2
Dodge: Dodged            |     2 |     3 ||     5

Table legend:
 A = Non-vault XP
 B = Vault XP
 C = Vault XP percentage of total XP
 D = Non-vault monster count
 E = Vault monster count
 F = Vault count percentage of total count
                 A         B        C        D         E       F
            +---------+---------+-------+---------+---------+-------
      Total |       0 |     154 | 100.0 |       0 |       2 | 100.0
            +---------+---------+-------+---------+---------+-------
          D |       0 |     154 | 100.0 |       0 |       2 | 100.0
            +---------+---------+-------+---------+---------+-------
